 Dungeon Crawl Stone Soup version 0.32-a0-39-g5c88369fb2 (webtiles) character file.

Game seed: 15373408298545598570

51452 Kurok the Peltast (level 14, 0/125 HPs)
             Began as a Minotaur Fighter on Jan 30, 2024.
             Was the Champion of Okawaru.
             Succumbed to a spriggan defender's poison
             ... on level 1 of the Depths.
             The game lasted 00:48:43 (15401 turns).

Kurok the Peltast (Minotaur Fighter)               Turns: 15401, Time: 00:48:44

Health: 0/125      AC: 27    Str: 25    XL:     14   Next: 23%
Magic:  13/13      EV:  9    Int:  5    God:    Okawaru [******]
Gold:   940        SH:  0    Dex: 16    Spells: 13/13 levels left

rFire   . . .        S - +10 morningstar "Eos" {elec, Halo rElec}
rCold   . . .        T - +6 tower shield of Gestures {Regen+ Dex+5}
rNeg    . . .        d - +3 plate armour
rPois   .            (helmet restricted)
rElec   +            (no cloak)
rCorr   .            M - +1 pair of gloves
SInv    .            h - +0 pair of boots
Will    +....        H - amulet of reflection Stlth
                     r - +4 ring of protection
HPRegen 1.20/turn    C - ring of flight
MPRegen 0.13/turn

%: reflection
@: confused, lethally poisoned (0 -> -15), flying, glowing
A: horns 2, retaliatory headbutt
a: Renounce Religion, Heroism, Finesse, Duel


You were on level 1 of the Depths.
You worshipped Okawaru.
Okawaru was exalted by your worship.
You visited 2 branches of the dungeon, and saw 16 of its levels.
You also visited: Ossuary.

You collected 940 gold pieces.

Inventory:

Hand Weapons
 a - a +0 war axe
 n - the +11 whip "Demnafau" {heavy, rC++ Stlth-}
   (You found it on level 3 of the Dungeon)

   rC++:      It greatly protects you from cold.
   Stlth-:    It makes you less stealthy.
 S - the +10 morningstar "Eos" (weapon) {elec, Halo rElec}
   (Okawaru gifted it to you on level 13 of the Dungeon)

   Halo:      It grants its wielder a halo, revealing invisible creatures and
   increasing accuracy against all within it other than the wielder.
   rElec:     It insulates you from electricity.
Missiles
 x - 14 javelins
 y - 2 throwing nets
Armour
 b - a +0 scale mail
 c - a +0 buckler
 d - a +3 plate armour (worn)
 g - a +0 chain mail
 h - a +0 pair of boots (worn)
 o - a +1 tower shield
 M - a +1 pair of gloves (worn)
 T - the +6 tower shield of Gestures (worn) {Regen+ Dex+5}
   (Okawaru gifted it to you on level 13 of the Dungeon)

   Dex+5:     It affects your dexterity (+5).
   Regen+:    It increases your rate of health regeneration.
Jewellery
 f - an amulet of regeneration
 r - a +4 ring of protection (left hand)
 u - an amulet of faith
 C - a ring of flight (right hand)
 H - an amulet of reflection (around neck)
 W - a +6 ring of dexterity
Wands
 e - a wand of paralysis (16)
 J - a wand of quicksilver (16)
 K - a wand of flame (17)
 N - a wand of roots (12)
 Q - a wand of mindburst (7)
Scrolls
 k - 2 scrolls of blinking (quivered)
 p - 4 scrolls of teleportation
 v - 5 scrolls of torment
 z - 2 scrolls of silence
 B - a scroll of poison
 D - 4 scrolls of revelation
 E - a scroll of enchant weapon
 O - 7 scrolls of identify
 R - 3 scrolls of amnesia
 V - a scroll of vulnerability
Potions
 i - 2 potions of haste
 j - 2 potions of magic
 l - a potion of brilliance
 m - 2 potions of lignification
 q - a potion of berserk rage
 s - 6 potions of curing
 t - a potion of invisibility
 w - 3 potions of attraction
 F - 2 potions of might
 G - 6 potions of enlightenment
 I - 3 potions of degeneration
 L - 2 potions of heal wounds
 P - 3 potions of mutation
 U - 2 potions of resistance


   Skills:
 + Level 11.6 Fighting
 + Level 4.7(10.6) Axes
 + Level 14.6(14.9) Maces & Flails
 + Level 2.2 Throwing
 + Level 12.8 Armour
 + Level 4.9 Dodging
 + Level 2.3 Stealth
 + Level 18.7 Shields


You had 13 spell levels left.
You didn't know any spells.
Your spell library contained the following spells:

 Spells                   Type           Power      Damage    Failure   Level
 Foxfire                  Conj/Fire      0%         2x1d4     100%        1
 Magic Dart               Conj           0%         1d3       100%        1
 Blink                    Tloc           0%         N/A       100%        2
 Lesser Beckoning         Tloc           0%         N/A       100%        2
 Momentum Strike          Conj/Tloc      0%         3d8       100%        2
 Gell's Gravitas          Tloc           0%         N/A       100%        3
 Teleport Other           Tloc           0%         N/A       100%        3
 Cause Fear               Hex            0%         N/A       100%        4
 Passage of Golubria      Tloc           0%         N/A       100%        4
 Fireball                 Conj/Fire      0%         3d3       100%        5
 Silence                  Hex/Air        0%         N/A       100%        5
 Yara's Violent Unravell  Hex/Alch       0%         3d3       100%        5
 Dispersal                Tloc           0%         N/A       100%        6
 Plasma Beam              Fire/Air       0%         2x1d10    100%        6
 Starburst                Conj/Fire      0%         6d3       100%        6
 Lehudib's Crystal Spear  Conj/Erth      0%         10d2      100%        8
 Call Imp                 Summ           Unusable   N/A       N/A         2
 Tukima's Dance           Hex            Unusable   N/A       N/A         3
 Dragon's Call            Summ           Unusable   N/A       N/A         9

Dungeon Overview and Level Annotations

Branches:
Dungeon (15/15)            Temple (0/1) D:5            Lair (0/5) D:11
    Orc (0/2) D:12         Vaults (0/5) D:13         Depths (1/4) D:15
Ossuary (visited)

Altars:
Ashenzari
Cheibriados
Fedhas
Hepliaklqana
Kikubaaqudgha
Makhleb
Okawaru
Sif Muna
Trog
Vehumet
Yredelemnul
Zin

Shops:
D:12 :

Annotations:
Depths:1 the Enchantress


Innate Abilities, Weirdness & Mutations

You have a pair of horns on your head.
You reflexively headbutt those who attack you in melee.


Message History

The spriggan air mage moves out of view.
A spriggan defender comes into view. It is wielding a +0 rapier of speed.
The spriggan defender shouts!
You impale the spriggan defender!!
Lightning courses through the spriggan defender!
The spriggan defender is heavily wounded.
You block the spriggan defender's attack.
The spriggan air mage waves its arms in wide circles.
The air twists around and strikes you!!
The spriggan air mage waves its arms in wide circles.
The air twists around and strikes you. You block the spriggan's attack.
You closely miss the spriggan. Your headbutt misses the spriggan.
You block the spriggan defender's attack.
The Enchantress gestures wildly while chanting.
You are confused.
The spriggan hits you but does no damage.
A glowing shapeshifter zombie comes into view.
You sock the spriggan! Lightning courses through the spriggan!
You kill the spriggan!
Okawaru accepts your kill.
The spriggan defender hits you with a +5 rapier of venom!!
You are poisoned.
The spriggan defender hits you but does no damage.
You are more poisoned.
The spriggan air mage waves its arms in wide circles.
The air twists around and strikes you.
The spriggan hits you but does no damage.
You are too confused!
You feel extremely sick.
The spriggan defender barely misses you.
The vampire mage hits you but does no damage.
The vampire mage bites you.
* * * LOW HITPOINT WARNING * * *
The vampire mage draws strength from your injuries!
The white ugly thing stings you.
* * * LOW HITPOINT WARNING * * *
The white ugly thing freezes you!!
* * * LOW HITPOINT WARNING * * *
Found 2 curare-tipped darts and a scroll of identify.
You die...

##.... ...... ...
......# ###?..
....... ......
....... #.(....
..§§§ ....... .
#..## .......
....##.i##.......
u....§iu§@§......
..#..§§iVV.......
##..iii§§.....#
##i.§.......##
i.ZiV..#..##
.Zi.i####..#
......# .#
...Z.... .#.


You could see 2 spriggan defenders, a white ugly thing, a jiangshi (summoned), a
vampire mage, a spriggan air mage (repels missiles) and a spriggan.

Vanquished Creatures
  Frances (D:14)
  A stone giant (D:15)
  An ettin (D:13)
  A fire dragon (D:14)
  2 hydras
  2 two-headed ogres (D:14)
  4 boulder beetles
  8 centaur warriors
  A catoblepas (D:12)
  A death knight (D:15)
  4 tengu warriors
  6 skeletal warriors
  An arcanist (D:13)
  A deep elf zephyrmancer (D:14)
  6 deep elf pyromancers
  13 ugly things
  3 oklob plants
  8 cyclopes
  Jeremiah (D:8)
  2 unseen horrors
  A gargoyle (D:10)
  2 freezing wraiths
  A kobold demonologist (D:14)
  2 tengu conjurers (D:15)
  3 efreet
  10 trolls
  A polar bear (shapeshifter) (D:14)
  9 slime creatures
  2 shadows
  A spriggan (Depths:1)
  3 wraiths (D:15)
  Sigmund (D:4)
  2 wyverns
  20 yaks
  2 basilisks
  A fire bat (shapeshifter) (D:13)
  2 vampire mosquitoes (D:15)
  3 steam dragons
  4 water moccasins
  4 acid dragons
  Duvessa (D:7)
  A black bear (D:5)
  4 orc warriors
  A meliai simulacrum (D:14)
  2 ice beasts (D:8)
  3 laughing skulls (D:14)
  4 ogres (D:6)
  A wolf (D:6)
  9 centaurs
  2 phantoms
  3 elf zombies (Ossuary)
  5 kobold brigands
  3 bullfrogs
  A gnoll sergeant (D:6)
  A scorpion (shapeshifter) (D:13)
  17 wights
  Dowan (D:7)
  2 killer bees
  8 howler monkeys
  A centaur zombie (Ossuary)
  2 bombardier beetles
  A lava snake (D:9)
  12 orc priests
  5 gnoll boudas
  Crazy Yiuf (D:4)
  14 hounds
  A sleepcap (D:7)
  2 iguanas
  19 orc wizards
  6 hound zombies (Ossuary)
  2 mummies (Ossuary)
  15 gnolls
  8 adders
  4 shadow imps (D:4)
  A white imp (D:4)
  4 ufetubi (D:6)
  4 adder zombies (Ossuary)
  2 dart slugs
  A ribbon worm (D:4)
  43 orcs
  8 bats
  4 endoplasms
  A giant cockroach (D:1)
  5 gnoll zombies (Ossuary)
  4 goblins
  8 hobgoblins
  2 jackals (D:3)
  4 quokkas
  5 ball pythons
  2 frilled lizards
  6 jackal zombies (Ossuary)
  15 kobolds
  A kobold zombie (Ossuary)
  10 orc zombies (Ossuary)
  4 rats
437 creatures vanquished.

Vanquished Creatures (others)
  2 orc wizards
2 creatures vanquished.

Grand Total: 439 creatures vanquished

Notes
Turn   | Place    | Note
-------+----------+-------------------------------------------
     0 | D:1      | Kurok the Minotaur Fighter began the quest for the Orb.
     0 | D:1      | Reached XP level 1. HP: 19/19 MP: 0/0
   155 | D:1      | Reached XP level 2. HP: 27/27 MP: 1/1
   158 | D:1      | Reached skill level 4 in Shields
  1008 | D:2      | Reached XP level 3. HP: 31/31 MP: 2/2
  1243 | D:3      | Identified the +11 whip "Demnafau" {heavy, rC++ Stlth-}
  1387 | D:3      | Found a shimmering blue altar of Sif Muna.
  1387 | D:3      | Found a broken altar of Ashenzari.
  1392 | D:3      | Found an iron altar of Okawaru.
  1393 | D:3      | Found a basalt altar of Yredelemnul.
  1394 | D:3      | Found a bloodstained altar of Trog.
  1394 | D:3      | Found a glowing silver altar of Zin.
  1395 | D:3      | Found a burning altar of Makhleb.
  1403 | D:3      | Became a worshipper of Warmaster Okawaru
  1406 | D:3      | Found a hazy altar of Hepliaklqana.
  1409 | D:3      | Found an ancient bone altar of Kikubaaqudgha.
  1696 | D:3      | Reached XP level 4. HP: 35/40 MP: 3/3
  2071 | D:3      | Found a faded altar of an unknown god.
  2162 | D:3      | Reached skill level 1 in Maces & Flails
  2394 | D:4      | Noticed Sigmund
  2399 | D:4      | Killed Sigmund
  2399 | D:4      | Reached * piety under Okawaru
  2400 | D:4      | Reached skill level 1 in Dodging
  2400 | D:4      | Reached XP level 5. HP: 47/47 MP: 4/4
  2400 | D:4      | Reached XP level 6. HP: 53/53 MP: 5/5
  2474 | D:4      | Noticed a wyvern
  2482 | D:4      | Killed a wyvern
  2483 | D:4      | Reached skill level 5 in Armour
  2603 | D:4      | Identified the +2 shortbow "Hellblazer" {flame, rPois}
  2615 | D:4      | Reached skill level 5 in Shields
  2767 | D:4      | Found a runed translucent door.
  2768 | D:4      | Noticed Crazy Yiuf
  2775 | D:4      | Killed Crazy Yiuf
  2776 | D:4      | Reached XP level 7. HP: 60/60 MP: 6/6
  3296 | D:4      | Reached ** piety under Okawaru
  3308 | D:4      | Reached skill level 5 in Fighting
  3530 | D:5      | Entered Level 5 of the Dungeon
  3533 | D:5      | Found a staircase to the Ecumenical Temple.
  3653 | D:5      | Found a radiant altar of Vehumet.
  3735 | D:5      | Reached skill level 6 in Shields
  4043 | D:5      | Reached XP level 8. HP: 50/68 MP: 7/7
  4186 | D:6      | Reached *** piety under Okawaru
  4191 | D:6      | Reached skill level 5 in Maces & Flails
  4370 | D:6      | Reached skill level 7 in Shields
  4588 | D:6      | Reached **** piety under Okawaru
  4592 | D:6      | Reached skill level 8 in Shields
  4593 | D:6      | Noticed a troll
  4601 | D:6      | Killed a troll
  4602 | D:6      | Reached XP level 9. HP: 64/75 MP: 8/8
  4623 | D:6      | Noticed a cyclops
  4634 | D:6      | Reached skill level 9 in Shields
  4689 | D:6      | Killed a cyclops
  4689 | D:6      | Reached ***** piety under Okawaru
  5256 | D:6      | Reached skill level 10 in Shields
  5261 | D:6      | Received a gift from Okawaru
  5549 | D:6      | Found a blossoming altar of Fedhas.
  5580 | D:6      | Noticed an oklob plant
  5597 | D:6      | Killed an oklob plant
  5598 | D:6      | Reached XP level 10. HP: 82/84 MP: 9/9
  6219 | D:7      | Found a sand-covered staircase.
  6233 | Ossuary  | Entered an ossuary
  6296 | Ossuary  | Reached skill level 11 in Shields
  6567 | D:7      | Noticed Duvessa
  6567 | D:7      | Noticed Dowan
  6577 | D:7      | Killed Duvessa
  6582 | D:7      | Killed Dowan
  6668 | D:7      | Received a gift from Okawaru
  6669 | D:7      | Reached skill level 1 in Stealth
  6815 | D:7      | Found the +1 robe of Vines {NoPotionHeal Regen++++}
  6816 | D:7      | Noticed a seven-headed hydra
  6824 | D:7      | Killed a seven-headed hydra
  7774 | D:8      | Noticed Jeremiah
  7789 | D:8      | Killed Jeremiah
  7790 | D:8      | Reached skill level 1 in Throwing
  7790 | D:8      | Reached skill level 10 in Armour
  7797 | D:8      | Reached skill level 12 in Shields
  8074 | D:8      | Reached XP level 11. HP: 94/94 MP: 10/10
  9061 | D:10     | Entered Level 10 of the Dungeon
  9086 | D:10     | Reached skill level 10 in Maces & Flails
  9319 | D:10     | Reached skill level 13 in Shields
  9694 | D:11     | Found a staircase to the Lair.
  9695 | D:11     | Noticed an oklob plant
  9696 | D:11     | Noticed an oklob plant
  9699 | D:11     | Killed an oklob plant
  9712 | D:11     | Killed an oklob plant
  9712 | D:11     | Received a gift from Okawaru
 10265 | D:11     | Reached skill level 14 in Shields
 10275 | D:11     | Noticed a boulder beetle
 10315 | D:11     | Killed a boulder beetle
 10848 | D:11     | Received a gift from Okawaru
 10849 | D:11     | Reached XP level 12. HP: 93/104 MP: 11/11
 11340 | D:12     | Noticed a catoblepas
 11351 | D:12     | Killed a catoblepas
 11620 | D:12     | Reached skill level 15 in Shields
 11658 | D:12     | Noticed a boulder beetle
 11680 | D:12     | Killed a boulder beetle
 11737 | D:12     | Found Lenyi's Tremendous Tomes.
 11873 | D:12     | Found a staircase to the Orcish Mines.
 12477 | D:13     | Received a gift from Okawaru
 12908 | D:13     | Reached skill level 16 in Shields
 12950 | D:13     | Noticed a centaur warrior
 12953 | D:13     | Killed a centaur warrior
 13197 | D:13     | Reached ****** piety under Okawaru
 13197 | D:13     | Received a gift from Okawaru
 13219 | D:13     | Acquired the +10 morningstar "Eos" {elec, Halo rElec}
 13219 | D:13     | Received a gift from Okawaru
 13219 | D:13     | Found the +10 morningstar "Eos" {elec, Halo rElec}
 13225 | D:13     | Acquired the +6 tower shield of Gestures {Regen+ Dex+5}
 13225 | D:13     | Received a gift from Okawaru
 13275 | D:13     | Noticed an ettin
 13282 | D:13     | Killed an ettin
 13288 | D:13     | Reached skill level 10 in Fighting
 13317 | D:13     | Found a gate to the Vaults.
 13367 | D:13     | Noticed a centaur warrior
 13372 | D:13     | Killed a centaur warrior
 13373 | D:13     | Reached XP level 13. HP: 102/113 MP: 12/12
 13845 | D:14     | Reached skill level 17 in Shields
 14019 | D:14     | Noticed Frances
 14031 | D:14     | Killed Frances
 14167 | D:14     | Received a gift from Okawaru
 14361 | D:14     | Received a gift from Okawaru
 14377 | D:14     | Noticed a fire dragon
 14399 | D:14     | Reached skill level 18 in Shields
 14411 | D:14     | Killed a fire dragon
 14746 | D:15     | Entered Level 15 of the Dungeon
 14776 | D:15     | Received a gift from Okawaru
 14859 | D:15     | Found a snail-covered altar of Cheibriados.
 15049 | D:15     | Reached XP level 14. HP: 124/124 MP: 13/13
 15105 | D:15     | Received a gift from Okawaru
 15373 | D:15     | Found a staircase to the Depths.
 15373 | D:15     | Noticed a stone giant
 15380 | D:15     | Killed a stone giant
 15394 | Depths:1 | Entered Level 1 of the Depths
 15394 | Depths:1 | Noticed a spriggan defender
 15395 | Depths:1 | Noticed the Enchantress
 15396 | Depths:1 | Noticed a spriggan defender
 15396 | Depths:1 | Noticed a spriggan defender
 15400 | Depths:1 | HP: 3/125 [white ugly thing (29)]
 15401 | Depths:1 | Succumbed to a spriggan defender's poison

Illustrated notes

Levels and vault maps discovered:
D:1:      lemuel_arrival_room, layout_basic
D:2:      layout_loops_corners, minmay_tetromino_t4
D:3:      layout_basic, nicolae_overflow_hallway_of_the_gods,
          shapermc_ecumenical_altar_mp_urbaneastern, corner_web_ring
D:4:      minmay_clustersquares, layout_gridville, serial_demonic,
          serial_demonic_b, serial_demonic_g, serial_demonic_d,
          serial_demonic_a, uniq_crazy_yiuf_cottage, uniq_sigmund
D:5:      layout_rooms, nicolae_vehumet_radiance, minmay_temple_entry_ruins,
          interstate_on_off
D:6:      lemuel_castle_with_subvaults [lemuel_castle_interior_original],
          layout_cave_pools, tgw_fedhas
D:7:      layout_cave_pods, lightli_ossuary_entry_decrepit_ruins,
          hellmonk_guarded_unrand_vines, uniq_duvessa
D:8:      layout_basic, minmay_diced_spiral, uniq_jeremiah
D:9:      layout_rooms, kennysheep_opposing_triangles
D:10:     layout_basic
D:11:     layout_basic, dpeg_oklobed_lair
D:12:     layout_stronghold, orc_0_dummy, dreamdust_mushroom_princess,
          nicolae_shop_i_like_big_books
D:13:     layout_long_grid, david_vaults_4, kennysheep_cross_room
D:14:     minmay_blocking_statues, layout_gridville, uniq_frances
D:15:     grunt_enter_depths_snipers, layout_rooms, grunt_decor_clamped,
          gauntlet_entry_generic, cheibriados_altar_1
Depths:1: layout_cave_shapes, minmay_misc_feat_five, serial_shops, shop,
          grunt_mini_vestibule, serial_bayou_ford_a, nicolae_rejected_hall,
          uniq_enchantress, uniq_boris

Skill      XL: |  1  2  3  4  5  6  7  8  9 10 11 12 13 |
---------------+----------------------------------------+-----
Shields        | 4 5 6 8 10 12 14 16 18 | 18.7
Armour         | 4 5 6 7 8 10 11 12 | 12.8
Fighting       | 4 5 6 8 9 10 11 | 11.6
Axes           | 3 4 |  4.7
Maces & Flails | 2 3 4 6 7 9 10 12 14 | 14.6
Dodging        | 1 2 3 4 |  4.9
Stealth        | 1 2 |  2.3
Throwing       | 1 2 |  2.2

Action                     |  1- 3 |  4- 6 |  7- 9 | 10-12 | 13-15 || total
---------------------------+-------+-------+-------+-------+-------++-------
  Melee: War axe           |    62 |       |       |       |       ||    62
         Headbutt          |    11 |     7 |    38 |   163 |    67 ||   286
         Whip              |    10 |    58 |   229 |   734 |       ||  1031
         Morningstar       |       |       |       |    19 |   221 ||   240
  Throw: Javelin           |       |       |       |     5 |       ||     5
 Invoke: Receive Weapon    |       |       |       |     1 |       ||     1
         Receive Armour    |       |       |       |     1 |       ||     1
    Use: Scroll            |     3 |     4 |     4 |    17 |     8 ||    36
         Potion            |       |     1 |     3 |       |     1 ||     5
 Armour: Scale mail        |    26 |       |       |       |       ||    26
         Chain mail        |    26 |    44 |   177 |       |       ||   247
         Plate armour      |       |       |    18 |   435 |   160 ||   613
  Dodge: Dodged            |    26 |    13 |    56 |   118 |    33 ||   246
  Block: Buckler           |    17 |       |       |       |       ||    17
         Tower shield      |     6 |    51 |   263 |   829 |   347 ||  1496
         Reflection        |       |       |       |    32 |    22 ||    54

Table legend: (Time is in decaauts)
 A = Elapsed time spent in this place.
 B = Non-inter-level travel time spent in this place.
 C = Inter-level travel time spent in this place.
 D = Time resting spent in this place.
 E = Time spent auto-exploring this place.
 F = Levels seen in this place.
 G = Mean time per level.
                   A        B        C        D        E       F      G
               +--------+--------+--------+--------+--------+-----+--------+
         Total |  15573 |  13672 |   1901 |   2432 |   8016 |  17 |  916.1 |
       Dungeon |  15255 |  13354 |   1901 |   2432 |   8016 |  15 | 1017.0 |
        Depths |      6 |      6 |      0 |      0 |      0 |   1 |    6.0 |
       Ossuary |    311 |    311 |      0 |      0 |      0 |   1 |  311.0 |
               +--------+--------+--------+--------+--------+-----+--------+

Top non-repeatable levels by time:
     D:6: 2011 daAuts
    D:11: 1589 daAuts
    D:13: 1293 daAuts
     D:3: 1199 daAuts
     D:4: 1159 daAuts
    D:12: 1156 daAuts
     D:7: 1073 daAuts
     D:8: 990 daAuts
    D:14: 985 daAuts
     D:2: 856 daAuts
     D:5: 650 daAuts
    D:15: 636 daAuts
    D:10: 632 daAuts
     D:9: 611 daAuts
     D:1: 409 daAuts
